 Dungeon Crawl Stone Soup version 0.29.1-2-gbd0b4ee654 (webtiles) character file.

Game seed: 2279472612909697300

4031 Ivernyr the Transmogrifier (level 10, -5/56 (58) HPs)
             Began as an Octopode Transmuter on Oct 29, 2022.
             Slain by a killer bee (7 damage)
             ... on level 8 of the Dungeon.
             The game lasted 00:24:12 (9956 turns).

Ivernyr the Transmogrifier (Octopode Transmuter)    Turns: 9956, Time: 00:24:13

HP:   -5/56 (58)    AC:  2    Str:  9 (10) XL:     10   Next: 24%
MP:   29/29         EV: 23    Int: 25 (26) God:
Gold: 343           SH:  0    Dex: 16 (17) Spells: 12/22 levels left

rFire   . . .      SeeInvis .     - Unarmed
rCold   . . .      Faith    .   (shield currently unavailable)
rNeg    . . .      Spirit   .   (helmet currently unavailable)
rPois   x          Reflect  .   A - amulet of magic regeneration
rElec   .          Harm     .   c - +4 ring of evasion
rCorr   .          Rampage  .   l - +6 ring of intelligence
Will    .....                   o - ring of magical power
Stlth   +.........              r - ring of wizardry
HPRegen 0.18/turn               i - ring of wizardry
MPRegen 0.61/turn               (no ring)
                                (no ring)
                                (no ring)

@: lethally poisoned (-5 -> -19), about to teleport, spider-form, lightly
drained
A: venomous fangs, almost no armour, (amphibious), 8 rings, tiny, (camouflage
1), (gelatinous body 1), (nimble swimmer 1), (tentacles)
a: End Transformation


You were on level 8 of the Dungeon.
You were a venomous arachnid creature.
You visited 2 branches of the dungeon, and saw 9 of its levels.

You collected 343 gold pieces.

Inventory:

Jewellery
 c - a +4 ring of evasion (left front leg)
 i - a ring of wizardry (on tentacle)
 j - a ring of ice
 l - a +6 ring of intelligence (right front leg)
 o - a ring of magical power (on tentacle)
 r - a ring of wizardry (on tentacle)
 A - an amulet of magic regeneration (around neck)
Wands
 a - a wand of flame (21)
 h - a wand of paralysis (6)
Scrolls
 d - a scroll of blinking
 f - 2 scrolls of magic mapping
 m - a scroll of summoning {unknown}
 n - 5 scrolls of teleportation
 u - 2 scrolls of enchant armour {unknown}
 v - a scroll of torment {unknown}
 w - a scroll of enchant weapon {unknown}
 x - a scroll of amnesia {unknown}
 y - a scroll of fear {unknown}
 B - a scroll of brand weapon {unknown}
 C - a scroll of poison {unknown}
 D - a scroll of identify
Potions
 e - 5 potions of haste
 g - 3 potions of degeneration
 k - 3 potions of attraction {unknown}
 p - a potion of magic {unknown}
 q - a potion of heal wounds {unknown}
 s - a potion of invisibility {unknown}
 t - a potion of brilliance {unknown}
 z - a potion of mutation {unknown}


   Skills:
 - Level 1.0 Fighting
 - Level 2.0 Dodging
 + Level 7.9 Unarmed Combat
 + Level 6.9 Spellcasting
 * Level 10.5 Transmutations


You had 12 spell levels left.
You knew the following spells:

 Your Spells              Type           Power      Damage    Failure   Level
a - Beastly Appendage     Tmut           100%       N/A       1%          1
b - Wereblood             Tmut           57%        N/A       1%          2
c - Spider Form           Tmut/Pois      35%        N/A       2%          3
d - Ice Form              Ice/Tmut       35%        N/A       5%          4

Your spell library contained the following spells:

 Spells                   Type           Power      Damage    Failure   Level
 Ignite Poison            Fire/Tmut/Pois 26%        N/A       4%          3
 Slow                     Hex            32%        N/A       5%          1
 Confusing Touch          Hex            8%         N/A       12%         3
 Conjure Flame            Conj/Fire      8%         6-21      12%         3
 Vampiric Draining        Necr           8%         2d6       12%         3
 Sticky Flame             Conj/Fire      8%         2d3       30%         4
 Borgnjor's Revivificati  Necr           4%         N/A       100%        8
 Necromutation            Tmut/Necr      17%        N/A       100%        8
 Death's Door             Necr           4%         N/A       100%        9


Dungeon Overview and Level Annotations

Branches:
Dungeon (8/15)             Temple (1/1) D:4
   Lair: D:8-11

Altars:
Ashenzari
Fedhas
Gozag
Hepliaklqana
Kikubaaqudgha
Makhleb
Qazlal
Ru
Trog
Uskayaw
Vehumet
Wu Jian
Xom
Yredelemnul
Zin
The Shining One

Shops:
D:6 [


Innate Abilities, Weirdness & Mutations

You are a venomous arachnid creature.
You have poisonous fangs.
You are tiny and dextrous.
Your spellcasting is less reliable in this form.
Your armour is entirely melded.
You are incapable of wielding weapons or throwing items.
You cannot wear most types of armour.
((You are amphibious.))
You can wear up to eight rings at the same time.
((Your skin changes colour to match your surroundings (Stealth+).))
((Your rubbery body absorbs attacks. (AC +1, EV +1)))
((You are camouflaged when in or above water. (Stealth+)))
((You have tentacles for arms and can constrict up to eight enemies at once.))


Message History

You feel weakened.
You feel dopey.
You feel clumsy.
* * * LOW HITPOINT WARNING * * *
You feel extremely sick. The killer bee completely misses you.
The killer bee misses you.
Unknown command.
It was a potion of curing.
You feel better.
The killer bee buzzes angrily.
The killer bee stings you.
* * * LOW HITPOINT WARNING * * *
Your magical contamination has completely faded away.
You feel better. The killer bee misses you.
You feel better. The killer bee completely misses you.
The killer bee stings you.
* * * LOW HITPOINT WARNING * * *
You completely miss the killer bee. The killer bee closely misses you.
The killer bee completely misses you.
The killer bee buzzes angrily.
You hit the killer bee.
The killer bee is lightly wounded.
The killer bee completely misses you. The killer bee misses you.
You miss the killer bee.
The killer bee is lightly wounded.
The killer bee misses you.
You bite the killer bee!
The killer bee is severely wounded.
The killer bee misses you. The killer bee stings you.
* * * LOW HITPOINT WARNING * * *
You feel better. The killer bee misses you. The killer bee stings you!
* * * LOW HITPOINT WARNING * * *
As you read the scroll of teleportation, it crumbles to dust.
You feel strangely unstable. The killer bee stings you.
* * * LOW HITPOINT WARNING * * *
You are lethally poisoned!
The killer bee poisons you! The killer bee closely misses you.
You hit the killer bee.
You kill the killer bee!
* * * LOW HITPOINT WARNING * * *
You feel very sick. The killer bee stings you!
You die...

#.'...........#
#.#...........########
#.###########........#
#.#######
###........#####
#.##....#
#........†......
#.##....#
#......####.....
#.##....# #......#
#.....
#.##....###y.....#
#.....
#.<'....'syy.>...+
+y....
######....###......#
#..... #.........#
#......# #.....
#.........# ########
#..... #......####
#.y... #......#
#......# #......#
#......#


You could see 3 killer bees.

Vanquished Creatures
  Pikel (D:6)
  An ugly thing (D:7)
  Sigmund (D:6)
  A steam dragon (D:7)
  Pargi (D:4)
  A black bear (D:5)
  2 ice beasts (D:6)
  4 ogres
  3 centaurs
  2 phantoms (D:5)
  3 lemures
  2 kobold brigands
  A necrophage (D:4)
  3 bullfrogs
  A gnoll sergeant (D:6)
  2 scorpions
  4 wights
  2 killer bees (D:8)
  A howler monkey (D:5)
  2 gnoll boudas (D:6)
  4 hounds
  2 jellies
  2 orc priests
  5 iguanas
  6 orc wizards
  17 gnolls
  9 adders
  A river rat (D:3)
  2 white imps (D:7)
  A worm (D:3)
  4 dart slugs
  24 orcs
  10 ball pythons
  4 endoplasms
  6 giant cockroaches
  4 goblins
  4 hobgoblins
  4 jackals (D:1)
  18 kobolds
  A quokka (D:5)
  2 bats
  11 rats
179 creatures vanquished.

Vanquished Creatures (others)
  8 plants
8 creatures vanquished.

Grand Total: 187 creatures vanquished

Notes
Turn   | Place    | Note
-------+----------+-------------------------------------------
     0 | D:1      | Ivernyr the Octopode Transmuter began the quest for the
                  | Orb.
     0 | D:1      | Reached XP level 1. HP: 13/13 MP: 3/3
     1 | D:1      | Noticed an electric eel
   161 | D:1      | Reached XP level 2. HP: 18/18 MP: 3/5
   169 | D:1      | Learned a level 2 spell: Wereblood
   258 | D:1      | Found a faded altar of an unknown god.
   848 | D:2      | Reached XP level 3. HP: 23/23 MP: 1/6
   987 | D:2      | Reached skill level 3 in Transmutations
  1278 | D:2      | Learned a level 3 spell: Spider Form
  1694 | D:2      | Reached XP level 4. HP: 27/28 MP: 5/7
  2582 | D:3      | Reached XP level 5. HP: 33/33 MP: 6/9
  2963 | D:3      | Reached skill level 4 in Transmutations
  3125 | D:4      | Found a staircase to the Ecumenical Temple.
  3131 | Temple   | Entered the Ecumenical Temple
  3333 | D:4      | Reached XP level 6. HP: 36/38 MP: 10/10
  3367 | D:4      | Noticed Pargi
  3384 | D:4      | Killed Pargi
  3385 | D:4      | Reached skill level 5 in Transmutations
  3820 | D:4      | Reached XP level 7. HP: 14/43 MP: 12/12
  4438 | D:5      | Entered Level 5 of the Dungeon
  4446 | D:5      | Reached skill level 6 in Transmutations
  4454 | D:5      | Reached skill level 5 in Unarmed Combat
  4633 | D:5      | Reached XP level 8. HP: 41/48 MP: 14/14
  4933 | D:5      | Found a glowing silver altar of Zin.
  5241 | D:5      | Reached skill level 7 in Transmutations
  5695 | D:6      | Reached skill level 5 in Spellcasting
  5784 | D:6      | Reached skill level 8 in Transmutations
  5981 | D:6      | Reached XP level 9. HP: 25/53 MP: 17/17
  6359 | D:6      | Found Jiax Wid's Antique Armour Shoppe.
  6896 | D:6      | Learned a level 4 spell: Ice Form
  6947 | D:6      | Noticed Pikel
  7277 | D:6      | Killed Pikel
  7278 | D:6      | Reached skill level 9 in Transmutations
  7589 | D:6      | Noticed Sigmund
  7604 | D:6      | Killed Sigmund
  7944 | D:6      | Found a burning altar of Makhleb.
  8056 | D:6      | Found an opulent altar of Gozag.
  8904 | D:7      | Reached skill level 10 in Transmutations
  8904 | D:7      | Reached XP level 10. HP: 58/58 MP: 19/19
  8905 | D:7      | Noticed a purple ugly thing
  8936 | D:7      | Killed a purple ugly thing
  9956 | D:8      | HP: 2/56 [poisoned by a killer bee]
  9956 | D:8      | Slain by a killer bee

Illustrated notes

Levels and vault maps discovered:
D:1:      arrival_aquarium_a, layout_basic, dilly_ecumenical_altar_fadedgnrine,
          minivault_25
D:2:      layout_basic, chequers_decorated_corner, minmay_shallow_snake_nest
D:3:      layout_loops_ring, portal_sewer_entry_b
D:4:      layout_loops_ring, minmay_temple_entry_butterflies,
          nicolae_grassy_gnolls, uniq_pargi
D:5:      layout_basic, zin_treasury, serial_bayou_pond_b,
          minmay_misc_feat_roman
D:6:      layout_basic, grunt_temple_overflow_open, serial_shops,
          nicolae_square_shop, serial_corexii_hall, corexii_hall_statues_t,
          chequers_hall_statues_y, hangedman_abyss_or_decor_slice, uniq_pikel,
          uniq_sigmund
D:7:      layout_basic
D:8:      layout_basic, ebering_ghost_disaster_area, serial_shops, shop
Temple:   dshaligram_water_room_temple

Skill      XL: |  1  2  3  4  5  6  7  8  9 |
---------------+----------------------------+-----
Transmutations | 3 4 5 6 8 10 | 10.5
Unarmed Combat | 4 5 6 7 |  7.9
Spellcasting   | 3 4 5 6 |  6.9
Fighting       | |  1.0
Dodging        | |  2.0

Action                   |  1- 3 |  4- 6 |  7- 9 | 10-12 || total
-------------------------+-------+-------+-------+-------++-------
Melee: Unarmed           |    53 |   120 |   347 |    54 ||   574
       Constrict         |    18 |    15 |     6 |       ||    39
       Kick              |    12 |    17 |       |       ||    29
       Tentacles         |    13 |    11 |     4 |     2 ||    30
       Punch             |     3 |     2 |       |       ||     5
 Cast: Beastly Appendage |    11 |     7 |     2 |       ||    20
       Wereblood         |     2 |     2 |     1 |       ||     5
       Spider Form       |       |     7 |    31 |     3 ||    41
       Ice Form          |       |       |     1 |     1 ||     2
  Use: Scroll            |       |       |     6 |     1 ||     7
       Potion            |       |       |       |     5 ||     5
 Stab: Sleeping          |     4 |     5 |     3 |       ||    12
Armor: Skin              |     2 |     8 |    16 |     3 ||    29
Dodge: Dodged            |    46 |    84 |   346 |    53 ||   529
